 Dungeon Crawl Stone Soup version 0.31-a0-609-g7bf6ffcfed (webtiles) character file.

Game seed: 3091451083846505250

2685 rvierbuc the Destroyer (level 9, 0/62 (67) HPs)
             Began as a Demigod Conjurer on Aug 22, 2023.
             Slain by a wight
             ... wielding a +0 mace
              (3 damage)
             ... on level 7 of the Dungeon.
             The game lasted 00:27:59 (7103 turns).

rvierbuc the Destroyer (Demigod Conjurer)           Turns: 7103, Time: 00:28:01

HP:   0/62 (67)     AC:  9    Str:  8    XL:     9   Next: 15%
MP:   22/23         EV: 13    Int: 32    God:
Gold: 334           SH:  0    Dex: 12    Spells: 19/22 levels left

rFire   . . .        m - +2 falchion (holy)
rCold   . . .        (no shield)
rNeg    . . .        G - +0 steam dragon scales
rPois   .            n - +0 helmet
rElec   .            t - +1 cloak {rCorr}
rCorr   +            D - +0 pair of gloves
SInv    .            (no boots)
Will    .....        (no amulet)
Stlth   ++           (no ring)
HPRegen 0.30/turn    (no ring)
MPRegen 0.18/turn

%: no passive effects
@: drained
A: high MP 1, forlorn, divine attributes
a: no special abilities


You were on level 7 of the Dungeon.
You visited 1 branch of the dungeon, and saw 7 of its levels.

You collected 334 gold pieces.

Inventory:

Hand Weapons
 l - a +1 dagger of draining
 m - a +2 falchion of holy wrath (weapon)
 s - a +3 quarterstaff of chaos
 B - a +1 whip of flaming
 F - a +3 scimitar of freezing
Missiles
 g - 9 poisoned darts
 y - 4 atropa-tipped darts
 H - 2 throwing nets
Armour
 a - a +0 robe
 n - a +0 helmet (worn)
 t - a +1 cloak of preservation (worn)
 C - a +0 robe of willpower
 D - a +0 pair of gloves (worn)
 G - +0 steam dragon scales (worn)
 J - a +0 robe of positive energy
Magical Staves
 w - a staff of earth
Jewellery
 h - a ring of protection from fire
Talismans
 E - a blade talisman
Wands
 o - a wand of flame (27)
 v - a wand of paralysis (3)
 I - a wand of acid (8)
Scrolls
 c - 12 scrolls of identify {unknown}
 d - a scroll of revelation {unknown}
 e - 3 scrolls of teleportation {unknown}
 i - 5 scrolls of fog {unknown}
 j - a scroll of poison {unknown}
 q - 2 scrolls of vulnerability {unknown}
 x - 3 scrolls of blinking {unknown}
Potions
 b - a potion of magic
 f - 4 potions of curing {unknown}
 k - a potion of haste {unknown}
 p - 4 potions of heal wounds {unknown}
 r - a potion of brilliance {unknown}
 u - 3 potions of resistance {unknown}
 z - a potion of lignification {unknown}
 A - a potion of invisibility {unknown}
 K - a potion of attraction {unknown}


   Skills:
 + Level 1.8 Fighting
 + Level 1.6 Long Blades
 + Level 3.5 Dodging
 + Level 4.2 Stealth
 + Level 7.1 Spellcasting
 + Level 8.0 Conjurations


You had 19 spell levels left.
You knew the following spells:

 Your Spells              Type           Power      Damage    Failure   Level
a - Magic Dart            Conj           100%       1d8       1%          1
b - Searing Ray           Conj           100%       2d8       1%          2

Your spell library contained the following spells:

 Spells                   Type           Power      Damage    Failure   Level
 Dazzling Flash           Conj/Hex       74%        N/A       2%          3
 Necrotise                Necr           44%        1d6       4%          1
 Fulminant Prism          Conj/Hex       18%        3d10      8%          4
 Iskenderun's Mystic Bla  Conj/Tloc      37%        2d9       8%          4
 Call Canine Familiar     Summ           11%        N/A       12%         3
 Portal Projectile        Hex/Tloc       22%        N/A       12%         3
 Summon Guardian Golem    Hex/Summ       11%        N/A       12%         3
 Vampiric Draining        Necr           11%        2d6       12%         3
 Leda's Liquefaction      Hex/Erth       5%         N/A       38%         4
 Agony                    Necr           11%        N/A       75%         5
 Orb of Destruction       Conj           29%        9d9       77%         7
 Spellforged Servitor     Conj/Summ      18%        N/A       100%        7


Dungeon Overview and Level Annotations

Branches:
Dungeon (7/15)             Temple (0/1) D:4

Shops:
D:6 *


Innate Abilities, Weirdness & Mutations

You have an increased reservoir of magic. (+10% MP)
You shall have no god before yourself.
Your divine heritage dramatically boosts your attributes as you level up.


Message History

The wight hits you with a +7 hand axe of freezing.
You feel drained. The wight freezes you.
Your life force feels restored.
Your Conjurations skill increases to level 8!
You completely miss the wight.
The wight hits you with a +7 hand axe of freezing!
The wight freezes you.
You hit the wight.
The wight convulses.
The wight is lightly damaged.
The wight hits you with a +7 hand axe of freezing.
The wight freezes you.
You slash the wight!
The wight convulses!
You destroy the wight!
Things that are here:
a +7 hand axe of freezing; a +0 robe
Items here: )) [[.
Okay, then.
Things that are here:
a +0 spear; a +0 robe A wight comes into view.
It is wielding a +0 flail.
A wight comes into view. It is wielding a +0 mace.
The magic dart hits the wight but does no damage.
The magic dart hits the wight but does no damage.
The wight hits you with a +0 flail.
You feel drained.
You hit the wight.
The wight convulses.
The wight is moderately damaged.
The wight hits you with a +0 flail.
You barely miss the wight.
The wight is moderately damaged.
The wight hits you with a +0 flail. The wight closely misses you. x2
The wight attacks as it pursues you! The wight hits you but does no damage.
The wight attacks as it pursues you! The wight barely misses you.
The wight attacks as it pursues you! The wight hits you with a +0 flail!
* * * LOW HITPOINT WARNING * * *
You feel drained.
* * * LOW HITPOINT WARNING * * *
The wight attacks as it pursues you! The wight hits you with a +0 mace!
* * * LOW HITPOINT WARNING * * *
You feel drained.
You die...

#...# ##..## ###
#...#
..########)..#
#..
......)).....##
#...
#########.....###
#..# ####.)).##
##..#
###...####..# #
##.@z.#..#### .#
##.z.......#..#
##...........#
##...........# #
#............# ##
####
#.............
)## ##..##
#.............
..## ##....##
##.........###
#..###......##
#.........#


You could see 2 wights.

Vanquished Creatures
  Pikel (D:5)
  A steam dragon (D:6)
  Edmund (D:5)
  2 water moccasins
  A sky beast (D:6)
  A black bear (D:5)
  An ogre (D:5)
  A phantom (D:5)
  A gnoll sergeant (D:7)
  3 scorpions
  A bullfrog (D:7)
  11 wights
  A killer bee (D:7)
  Crazy Yiuf (D:2)
  A hound (D:7)
  A jelly (D:6)
  An orc priest (D:3)
  2 sleepcaps
  Jessica (D:2)
  3 iguanas (D:5)
  2 orc wizards
  Robin (D:2)
  6 gnolls
  3 adders (D:5)
  A white imp (D:6)
  2 ufetubi
  2 worms
  A dart slug (D:2)
  8 orcs
  9 ball pythons
  5 bats (D:1)
  2 endoplasms
  4 giant cockroaches
  16 goblins
  11 hobgoblins
  2 quokkas
  4 kobolds
  6 rats
121 creatures vanquished.

Notes
Turn   | Place    | Note
-------+----------+-------------------------------------------
     0 | D:1      | rvierbuc the Demigod Conjurer began the quest for the Orb.
     0 | D:1      | Reached XP level 1. HP: 14/14 MP: 5/5
   217 | D:1      | Reached skill level 4 in Conjurations
   323 | D:1      | Reached XP level 2. HP: 20/20 MP: 2/7
   326 | D:1      | Learned a level 2 spell: Searing Ray
   830 | D:1      | Reached XP level 3. HP: 26/26 MP: 3/8
  1146 | D:2      | Noticed Robin
  1323 | D:2      | Noticed Jessica
  1326 | D:2      | Killed Jessica
  1445 | D:2      | Reached skill level 5 in Conjurations
  1522 | D:2      | Killed Robin
  1523 | D:2      | Reached XP level 4. HP: 30/33 MP: 2/9
  1879 | D:2      | Found a runed translucent door.
  1880 | D:2      | Noticed Crazy Yiuf
  2070 | D:2      | Killed Crazy Yiuf
  2192 | D:3      | Reached XP level 5. HP: 34/38 MP: 2/11
  3293 | D:4      | Found a staircase to the Ecumenical Temple.
  3712 | D:5      | Entered Level 5 of the Dungeon
  3730 | D:5      | Noticed an ogre
  3735 | D:5      | Killed an ogre
  3736 | D:5      | Reached XP level 6. HP: 46/46 MP: 6/14
  3843 | D:5      | Identified the +2 ring mail of the Good {Int+3 Stlth+}
  4382 | D:5      | Noticed Pikel
  4394 | D:5      | Killed Pikel
  4395 | D:5      | Reached skill level 1 in Fighting
  4395 | D:5      | Reached skill level 5 in Spellcasting
  4395 | D:5      | Reached skill level 6 in Conjurations
  4395 | D:5      | Reached XP level 7. HP: 38/52 MP: 3/18
  4688 | D:5      | Noticed Edmund
  4699 | D:5      | Killed Edmund
  4700 | D:5      | Reached XP level 8. HP: 42/59 MP: 7/20
  5063 | D:5      | Reached skill level 7 in Conjurations
  5803 | D:6      | Reached skill level 1 in Long Blades
  5897 | D:6      | Found Lanlomor's Assorted Antiques.
  6975 | D:7      | Reached XP level 9. HP: 67/67 MP: 16/23
  7082 | D:7      | Reached skill level 8 in Conjurations
  7103 | D:7      | HP: 3/64 [wight/+0 mace (7)]
  7103 | D:7      | Slain by a wight

Illustrated notes

Levels and vault maps discovered:
D:1:      sevenhm_arrival_forest_fort_small_1, layout_basic
D:2:      layout_basic, uniq_robin, uniq_crazy_yiuf_cottage, uniq_jessica
D:3:      layout_basic, mainiacjoe_overflow_swirl
D:4:      layout_cave_pods, nicolae_uskayaw_dance_hall,
          minmay_temple_entry_statues_fountains
D:5:      layout_loops_corners, gammafunk_temple_overflow_pools, uniq_edmund,
          uniq_pikel
D:6:      layout_basic, mainiacjoe_overflow_paths, serial_shops,
          nicolae_square_shop
D:7:      minmay_evil_eye, layout_cave_pods, amcnicky_altar_gilded

Skill      XL: |  1  2  3  4  5  6  7  8  9 |
---------------+----------------------------+-----
Conjurations   | 4 5 6 7 8 |  8.0
Stealth        | 2 3 4 |  4.2
Spellcasting   | 2 3 5 6 7 |  7.1
Dodging        | 2 3 |  3.5
Fighting       | 1 |  1.8
Long Blades    | 1 |  1.6

Action                     |  1- 3 |  4- 6 |  7- 9 || total
---------------------------+-------+-------+-------++-------
  Melee: Falchion          |       |     7 |    19 ||    26
         Unarmed           |       |     1 |       ||     1
   Cast: Magic Dart        |    77 |    84 |    69 ||   230
         Searing Ray       |     2 |    15 |    28 ||    45
 Armour: Robe              |     1 |    10 |    10 ||    21
         Steam dragon scal |       |       |     1 ||     1
  Dodge: Dodged            |     9 |    31 |    25 ||    65

Table legend: (Time is in decaauts)
 A = Elapsed time spent in this place.
 B = Non-inter-level travel time spent in this place.
 C = Inter-level travel time spent in this place.
 D = Time resting spent in this place.
 E = Time spent auto-exploring this place.
 F = Levels seen in this place.
 G = Mean time per level.
                   A        B        C        D        E       F      G
               +--------+--------+--------+--------+--------+-----+--------+
         Total |   7110 |   6986 |    124 |    107 |   5973 |   7 | 1015.7 |
       Dungeon |   7110 |   6986 |    124 |    107 |   5973 |   7 | 1015.7 |
               +--------+--------+--------+--------+--------+-----+--------+

Top non-repeatable levels by time:
     D:5: 1559 daAuts
     D:2: 1118 daAuts
     D:6: 1090 daAuts
     D:1: 1056 daAuts
     D:4: 803 daAuts
     D:7: 746 daAuts
     D:3: 736 daAuts
